 Dungeon Sprint DCSS version 0.28.0-43-g3370ac3207 (webtiles) character file.

Game seed: 7125478685325787451

4800000 smarlow the Archmage (level 23, -35/261 HPs)
             Began as a Djinni Warper on Mar 9, 2022.
             Was the Champion of Makhleb.
             Annihilated by a large bag of meat
             ... wielding a +9 giant spiked club
              (53 damage)
             ... in the Dungeon (Sprint VIII: "Arena of Blood").
             The game lasted 00:02:12 (48 turns).

smarlow the Archmage (Djinni Warper)                  Turns: 48, Time: 00:02:13

Health: -35/261    AC: 29    Str: 18    XL:     23   Next: 73%
Gold:   0          EV: 29    Int: 14    God:    Makhleb [******] SH:  0 Dex: 17

rFire   + + .      SeeInvis +   i - +∞ Axe of Woe
rCold   x . .      Faith    .   (shield currently unavailable)
rNeg    + . .      Spirit   .   (armour currently unavailable)
rPois   ∞          Reflect  .   (no helmet)
rElec   +          Harm     .   (no cloak)
rCorr   .          Rampage  .   (gloves currently unavailable)
Will    ++...      NoTele   +   (boots unavailable)
Stlth   ++++++++..              (no amulet)
HPRegen 0.53/turn               g - ring of see invisible
MPRegen 0.00/turn               (no ring)

@: statue-form, flying, very slow
A: slow and powerful, torment resistance 1, flying, boosted hp, sickness
immunity, fire resistance 2, cold vulnerability 1, float, innate caster, HP
casting, extra vitality 1
a: End Transformation, Renounce Religion, Minor Destruction, Lesser Servant of
Makhleb, Major Destruction, Greater Servant of Makhleb


You were in the Dungeon.
You worshipped Makhleb.
Makhleb was exalted by your worship.
You were a living statue of rough stone.
You visited 1 branch

Inventory:

Hand Weapons
 a - a +0 hand axe
 i - the +∞ Axe of Woe (weapon)
   (You found it in the Dungeon)
Missiles
 d - 5 boomerangs of dispersal (quivered)
Armour
 b - a +0 leather armour (melded)
Jewellery
 g - a ring of see invisible (left fist)
Scrolls
 c - 2 scrolls of blinking
Potions
 e - a potion of curing
 f - a potion of heal wounds
 h - a potion of berserk rage


   Skills:
 O Level 27 Fighting
 + Level 12.3(14.4) Short Blades
 + Level 12.3(14.4) Long Blades
 O Level 27 Axes
 + Level 11.3(21.7) Maces & Flails
 + Level 11.3(21.7) Polearms
 + Level 12.3(16.2) Staves
 + Level 11.3(20.7) Slings
 + Level 11.3 Bows
 + Level 11.3 Crossbows
 O Level 27 Throwing
 O Level 27 Armour
 O Level 27 Dodging
 + Level 21.2 Stealth
 + Level 12.5 Shields
 + Level 12.5 Unarmed Combat
 O Level 27 Spellcasting
 + Level 12.5 Invocations
 + Level 12.5 Evocations


You had 8 spell levels left.
You knew the following spells:

 Your Spells              Type           Power      Damage    Failure   Level
a - Blink                 Tloc           100%       N/A       0%          2
b - Lesser Beckoning      Tloc           76%        N/A       0%          3
c - Gell's Gravitas       Tloc           76%        N/A       0%          3
d - Teleport Other        Tloc           76%        N/A       0%          3
e - Manifold Assault      Tloc           76%        N/A       0%          5
f - Freeze                Ice            100%       1d11      0%          1
g - Passwall              Tmut/Erth      63%        N/A       0%          2
h - Ignite Poison         Fire/Tmut/Pois 76%        N/A       0%          3
i - Spider Form           Tmut/Pois      76%        N/A       0%          3
j - Animate Dead          Necr           38%        N/A       0%          4
k - Freezing Cloud        Conj/Ice/Air   38%        6-21      0%          5
l - Statue Form           Tmut/Erth      50%        N/A       0%          6
m - Enfeeble              Hex            38%        N/A       1%          7
n - Conjure Ball Lightni  Conj/Air       38%        3x3d12    0%          6
o - Maxwell's Capacitive  Air            38%        ∞         1%          8
p - Haunt                 Necr/Summ      38%        N/A       1%          7
Your spell library was empty.

Dungeon Overview and Level Annotations

Branches:
Dungeon (1/1)

Altars:
Makhleb

Annotations:
D The Servant


Innate Abilities, Weirdness & Mutations

You are a living statue of rough stone.
Your actions are slow, but your melee attacks are powerful.
You are resistant to unholy torment.
You are flying.
Your maximum health is greatly increased.
Your equipment is partially melded.
You are immune to sickness and miasma.
You are immune to poison.
Your flesh is very heat resistant. (rF++)
You are vulnerable to cold. (rC-)
You float through the air rather than walking.
You learn spells naturally, not from books.
Your magical power is your life essence.
You have superior vitality. (+4 MHP)


Message History

You slaughter the sculptor of flesh joyfully.
You destroy the sculptor of flesh!
Makhleb accepts your kill.
You hear a shout!
The bag of meat is engulfed in blazing flames.
You hear a shout! x4
Your Stealth skill gained 3 levels and is now at level 15!
A meat berserker and a tyrant come into view.
The meat berserker shouts!
You hear a shout! x3
The destroyer completely misses you.
The destroyer bites you but does no damage.
You hear a shout! x2
The bag of meat is engulfed in blazing flames.
You hear a shout! x3
The meat berserker rages.
The Servant hits you from afar with a +9 glaive of flaming!!!!
The Servant burns you!
You hear a shout!
The tyrant moves out of view.
You hear a shout!
Things that are here:
a +9 great sword; a +250 ring of slaying You slash the destroyer!
You fatally mangle the destroyer.
You destroy the destroyer!
Makhleb accepts your kill.
You feel better.
You feel yourself slow down.
You hear a shout! x6
The large bag of meat is engulfed in blazing flames.
The Servant hits you from afar with a +9 glaive of flaming!!!!
The Servant burns you.
Your Stealth skill gained 6 levels and is now at level 21!
A sculptor of flesh comes into view. It is wielding a +9 great sword.
The tyrant appears out of thin air!
A tyrant comes into view.
The tyrant shouts!
You hear a shout! x5
The large bag of meat hits you with a +9 giant spiked club!!!!
* * * LOW HITPOINT WARNING * * *
The large bag of meat hits you with a +9 giant spiked club!!!
You die...

################
###...............
..........).......
.......##8##.#####
.......oO@....L..
####..)Oo##.##...
......O○☼§§.......
#.....§)§)☼#.#....
#......§○§§.......
.#z....).........
..#...L).§°.....
......§)☼)......


You could see 2 tyrants, The Servant, a sculptor of flesh (wandering), 2 large
bags of meat, a meat berserker (berserk) and 2 bags of meat.

Vanquished Creatures
  2 vampire knights (D)
  10 ogres (D)
  4 two-headed ogres (D)
  36 orcs (D)
  A skeletal warrior (D)
53 creatures vanquished.

Notes
Turn   | Place    | Note
-------+----------+-------------------------------------------
     0 | D        | Found the +∞ Axe of Woe
     0 | D        | smarlow the Djinni Warper began the quest for the Orb.
     0 | D        | Reached XP level 1. HP: 18/18 MP: 0/0
     2 | D        | Noticed a meat berserker
     3 | D        | Became a worshipper of Makhleb the Destroyer
     5 | D        | Killed a meat berserker
     6 | D        | Reached skill level 10 in Fighting
     6 | D        | Reached XP level 2. HP: 36/36 MP: 0/0
     6 | D        | Reached XP level 3. HP: 41/41 MP: 0/0
     6 | D        | Learned a level 1 spell: Freeze
     6 | D        | Reached XP level 4. HP: 48/48 MP: 0/0
     6 | D        | Reached XP level 5. HP: 52/52 MP: 0/0
     6 | D        | Learned a level 2 spell: Passwall
     6 | D        | Reached XP level 6. HP: 58/58 MP: 0/0
     6 | D        | Reached XP level 7. HP: 64/64 MP: 0/0
     6 | D        | Learned a level 3 spell: Ignite Poison
     6 | D        | Reached XP level 8. HP: 70/70 MP: 0/0
     6 | D        | Reached XP level 9. HP: 75/75 MP: 0/0
     6 | D        | Learned a level 3 spell: Spider Form
     6 | D        | Reached XP level 10. HP: 81/81 MP: 0/0
     6 | D        | Reached XP level 11. HP: 86/86 MP: 0/0
     6 | D        | Learned a level 4 spell: Animate Dead
     6 | D        | Reached XP level 12. HP: 93/93 MP: 0/0
     7 | D        | Noticed a bag of meat
     7 | D        | Noticed a bag of meat
     7 | D        | Noticed a bag of meat
     7 | D        | Noticed a bag of meat
     8 | D        | Noticed a meat berserker
     9 | D        | Noticed a bag of meat
     9 | D        | Noticed a bag of meat
     9 | D        | Noticed a bag of meat
    10 | D        | Killed a bag of meat
    10 | D        | Reached * piety under Makhleb
    10 | D        | Noticed a bag of meat
    10 | D        | Noticed a bag of meat
    10 | D        | Noticed a bag of meat
    10 | D        | Noticed a bag of meat
    10 | D        | Noticed a meat berserker
    10 | D        | Noticed a bag of meat
    10 | D        | Noticed a bag of meat
    11 | D        | Reached skill level 10 in Axes
    11 | D        | Reached XP level 13. HP: 100/100 MP: 0/0
    11 | D        | Learned a level 5 spell: Freezing Cloud
    11 | D        | Noticed a bag of meat
    11 | D        | Noticed a bag of meat
    11 | D        | Noticed a bag of meat
    12 | D        | Killed a bag of meat
    12 | D        | Noticed a bag of meat
    12 | D        | Noticed a bag of meat
    13 | D        | Killed a meat berserker
    14 | D        | Reached XP level 14. HP: 111/111 MP: 0/0
    14 | D        | Killed a bag of meat
    14 | D        | Reached ** piety under Makhleb
    14 | D        | Noticed a bag of meat
    14 | D        | Noticed a bag of meat
    14 | D        | Noticed a bag of meat
    15 | D        | Killed a meat berserker
    15 | D        | Killed a bag of meat
    15 | D        | Noticed a bag of meat
    16 | D        | Reached skill level 15 in Fighting
    16 | D        | Reached skill level 15 in Axes
    16 | D        | Reached skill level 5 in Throwing
    16 | D        | Reached XP level 15. HP: 121/121 MP: 0/0
    16 | D        | Learned a level 6 spell: Statue Form
    16 | D        | Noticed a meat berserker
    17 | D        | Reached *** piety under Makhleb
    18 | D        | Reached XP level 16. HP: 122/130 MP: 0/0
    18 | D        | Reached **** piety under Makhleb
    18 | D        | Noticed a meat berserker
    18 | D        | Noticed a large bag of meat
    19 | D        | Reached skill level 5 in Armour
    19 | D        | Reached skill level 27 in Spellcasting
    19 | D        | Reached XP level 17. HP: 143/143 MP: 0/0
    19 | D        | Learned a level 7 spell: Enfeeble
    19 | D        | Noticed a large bag of meat
    19 | D        | Noticed a meat berserker
    20 | D        | Reached ***** piety under Makhleb
    20 | D        | Noticed a meat berserker
    22 | D        | Reached XP level 18. HP: 157/157 MP: 0/0
    22 | D        | Reached ****** piety under Makhleb
    22 | D        | Noticed a large bag of meat
    23 | D        | Reached skill level 27 in Axes
    23 | D        | Reached XP level 19. HP: 173/173 MP: 0/0
    23 | D        | Learned a level 6 spell: Conjure Ball Lightning
    23 | D        | Noticed a destroyer
    23 | D        | Noticed a large bag of meat
    24 | D        | Killed a meat berserker
    24 | D        | Noticed a meat berserker
    25 | D        | Reached skill level 27 in Fighting
    25 | D        | Reached skill level 27 in Dodging
    26 | D        | Killed a meat berserker
    26 | D        | Killed a meat berserker
    27 | D        | Reached XP level 20. HP: 181/181 MP: 0/0
    27 | D        | Killed a large bag of meat
    27 | D        | Killed a meat berserker
    28 | D        | Noticed a large bag of meat
    28 | D        | Noticed a large bag of meat
    28 | D        | Noticed a meat berserker
    29 | D        | Killed a large bag of meat
    29 | D        | Noticed The Servant
    29 | D        | Noticed a large bag of meat
    30 | D        | Reached skill level 27 in Throwing
    30 | D        | Reached skill level 27 in Armour
    30 | D        | Reached XP level 21. HP: 187/187 MP: 0/0
    30 | D        | Learned a level 8 spell: Maxwell's Capacitive Coupling
    30 | D        | Killed a meat berserker
    31 | D        | Reached skill level 5 in Polearms
    31 | D        | Reached skill level 5 in Slings
    31 | D        | Reached skill level 5 in Bows
    31 | D        | Reached skill level 5 in Crossbows
    31 | D        | Reached XP level 22. HP: 194/194 MP: 0/0
    32 | D        | Noticed a meat berserker
    34 | D        | Killed a large bag of meat
    34 | D        | Killed a meat berserker
    34 | D        | Killed a destroyer
    35 | D        | Reached skill level 10 in Short Blades
    35 | D        | Reached skill level 10 in Long Blades
    35 | D        | Reached skill level 10 in Staves
    35 | D        | Reached skill level 10 in Stealth
    35 | D        | Reached skill level 10 in Shields
    35 | D        | Reached skill level 10 in Unarmed Combat
    35 | D        | Reached skill level 10 in Invocations
    35 | D        | Reached skill level 10 in Evocations
    36 | D        | Killed a large bag of meat
    36 | D        | Killed a meat berserker
    37 | D        | Reached skill level 10 in Maces & Flails
    37 | D        | Reached skill level 10 in Polearms
    37 | D        | Reached skill level 10 in Slings
    37 | D        | Reached skill level 10 in Bows
    37 | D        | Reached skill level 10 in Crossbows
    37 | D        | Reached XP level 23. HP: 201/201 MP: 0/0
    37 | D        | Learned a level 7 spell: Haunt
    38 | D        | Noticed a destroyer
    46 | D        | Reached skill level 15 in Stealth
    46 | D        | Noticed a tyrant
    47 | D        | Killed a destroyer
    48 | D        | Annihilated by a large bag of meat

Illustrated notes

Levels and vault maps discovered:
D:        meatsprint

Skill      XL: |  1  2  3  4  5  6  7  8  9 10 11 12 13 14 15 16 17 18 19 20 21 22 23 |
---------------+----------------------------------------------------------------------+-----
Fighting       | 10 11 13 15 17 19 23 26 27 | 27.0
Axes           | 9 10 12 15 16 20 25 27 | 27.0
Throwing       | 3 4 5 7 8 18 27 | 27.0
Armour         | 3 4 5 7 8 21 27 | 27.0
Dodging        | 11 12 14 16 17 18 21 23 27 | 27.0
Spellcasting   | 18 19 22 25 26 27 | 27.0
Short Blades   | 6 11 12 | 12.3
Long Blades    | 6 11 12 | 12.3
Maces & Flails | 6 10 11 | 11.3
Polearms       | 5 10 11 | 11.3
Staves         | 6 11 12 | 12.3
Slings         | 5 10 11 | 11.3
Bows           | 5 10 11 | 11.3
Crossbows      | 5 10 11 | 11.3
Stealth        | 6 11 21 | 21.2
Shields        | 6 11 12 | 12.5
Unarmed Combat | 6 11 12 | 12.5
Invocations    | 6 11 12 | 12.5
Evocations     | 6 11 12 | 12.5

Action                   |  1- 3 |  4- 6 |  7- 9 | 10-12 | 13-15 | 16-18 | 19-21 | 22-24 || total
-------------------------+-------+-------+-------+-------+-------+-------+-------+-------++-------
Melee: Executioner's axe |     1 |       |       |     1 |     5 |     4 |     5 |     6 ||    22
 Cast: Statue Form       |       |       |       |       |       |     1 |       |       ||     1
  Use: Potion            |     1 |       |       |       |       |       |       |       ||     1
Armor: Skin              |       |       |       |       |       |       |     1 |     4 ||     5
Dodge: Dodged            |       |       |       |       |       |       |     2 |     1 ||     3
